 Dungeon Crawl Stone Soup version 0.26-a0-639-g72c4674329 (webtiles) character file.

Game seed: 1556831747036223092

38 PentaManta the Chopper (level 3, -1/29 HPs)
             Began as a Formicid Abyssal Knight on Sept 20, 2020.
             Was a Follower of Lugonu.
             Slain by an adder (3 damage)
             ... on level 2 of the Dungeon.
             The game lasted 00:03:42 (1564 turns).

PentaManta the Chopper (Formicid Abyssal Knight)    Turns: 1564, Time: 00:03:43

Health: -1/29      AC:  9    Str: 17    XL:     3   Next: 65%
Magic:  4/4        EV:  7    Int: 11    God:    Lugonu [*.....]
Gold:   100        SH:  0    Dex: 10    Spells: 2/2 levels left

rFire    . . .     SeeInvis +   a - +1 hand axe
rCold    . . .     Faith    +   (no shield)
rNeg     . . .     Spirit   .   n - +1 chain mail
rPois    .         Reflect  .   (helmet unavailable)
rElec    .         Harm     .   (no cloak)
rCorr    .         Rampage  .   (no gloves)
MR       .....                  (no boots)
Stlth    ..........             c - amulet of faith
HPRegen  0.09/turn              (no ring)
MPRegen  0.09/turn              (no ring)

@: lethally poisoned (-1 -> -7)
A: permanent stasis, dig shafts and tunnels, four strong arms, antennae 3
a: Dig, Shaft Self, Depart the Abyss, Renounce Religion


You were on level 2 of the Dungeon.
You worshipped Lugonu.
Lugonu was aware of your devotion.
You visited 1 branch of the dungeon, and saw 2 of its levels.
You visited the Abyss 1 time.

You collected 100 gold pieces.

Inventory:

Hand Weapons
 a - a +1 hand axe (weapon)
Armour
 n - a +1 chain mail (worn)
Jewellery
 c - an amulet of faith (around neck)
Scrolls
 b - 2 scrolls of identify
 d - 2 scrolls of remove curse
Potions
 h - a potion of berserk rage {unknown}
 j - a potion of curing {unknown}
 k - a potion of cancellation
 m - a potion of haste


   Skills:
 - Level 3.2 Fighting
 + Level 3.7 Axes
 - Level 2.1 Armour
 - Level 0.8 Dodging
 - Level 2.1 Invocations


You had 2 spell levels left.
You didn't know any spells.
Your spell library was empty.

Dungeon Overview and Level Annotations

Branches:
Dungeon (2/15)

Altars:


Innate Abilities, Weirdness & Mutations

You cannot be hasted, slowed, berserked, paralysed or teleported.
You can dig through walls and to a lower floor.
Your four strong arms can wield two-handed weapons with a shield.
You have a pair of large antennae on your head. (SInv)


Message History

Really quaff the potion of lignification?
You turn into a tree.
Your +1 chain mail melds into your body.
Your roots penetrate the ground.
The adder bites you.
* * * LOW HITPOINT WARNING * * *
It was a potion of flight.
Your roots keep you in place.
* * * LOW HITPOINT WARNING * * *
You feel sick.
The adder bites you but does no damage. x2
It was a potion of cancellation.
Your magical effects are unravelling.
You feel magically purged.
You feel less wooden.
Your +1 chain mail unmelds from your body.
* * * LOW HITPOINT WARNING * * *
You feel sick. The adder barely misses you.
It was a potion of haste.
Your stasis prevents you from being hasted.
* * * LOW HITPOINT WARNING * * *
You feel sick. The adder bites you.
You die...

#.##........<.###.###.#
#########.#######...#.#
#.# #.#
......†....########.#.#
#># #.#
.....###...........†#.#
#.# #.# ###
#....#######.#.###.###.#
#......................#
##...#####...#.####.####
#.(.#####...#.# #.#
#.....@S#...# #.#
#....###)....# #.#
#.#...# ....... #.#
#.####.# .###... ..# ##
#.. .# ## ### #.. .. ###
##


You could see an adder.

Vanquished Creatures
  An adder (D:2)
  2 leopard geckos (D:2)
  A giant cockroach (D:1)
  5 goblins
  4 hobgoblins
  5 bats
  3 frilled lizards
  A kobold (D:2)
  6 rats
28 creatures vanquished.

Notes
Turn   | Place    | Note
-------+----------+-------------------------------------------
     0 | Abyss:1  | PentaManta the Formicid Abyssal Knight began the quest for
                  | the Orb.
     0 | Abyss:1  | Reached XP level 1. HP: 18/18 MP: 2/2
    34 | Abyss:2  | Found a corrupted altar of Lugonu.
    64 | Abyss:2  | Found a corrupted altar of Lugonu.
    66 | Abyss:2  | Noticed a spatial vortex
   133 | Abyss:2  | Noticed a death knight
   138 | Abyss:2  | Noticed a worldbinder
   140 | D:1      | Escaped the Abyss
   204 | D:1      | Reached XP level 2. HP: 17/24 MP: 3/3
   473 | D:1      | Reached * piety under Lugonu
  1258 | D:2      | Reached XP level 3. HP: 25/29 MP: 4/4
  1564 | D:2      | Slain by an adder

Illustrated notes

Levels and vault maps discovered:
D:1:      onia_arrival_mini_maze, layout_loops_corners, hangedman_decor_points
D:2:      layout_loops_ring, lemuel_doored_altar, minmay_pentomino_p2

Skill      XL: |  1  2 |
---------------+-------+-----
Axes           | 3 |  3.7
Fighting       | |  3.2
Armour         | |  2.1
Dodging        | |  0.8
Invocations    | |  2.1

Action                   || total
-------------------------++-------
Melee: Hand axe          ||    81
Invok: Depart the Abyss  ||     1
 Abil: Dig               ||     1
  Use: Scroll            ||     9
       Potion            ||     4
Armor: Scale mail        ||     4
       Chain mail        ||    51
       Skin              ||     2
Dodge: Dodged            ||    37

Table legend: (Time is in decaauts)
 A = Elapsed time spent in this place.
 B = Non-inter-level travel time spent in this place.
 C = Inter-level travel time spent in this place.
 D = Time resting spent in this place.
 E = Time spent auto-exploring this place.
 F = Levels seen in this place.
 G = Mean time per level.
                   A        B        C        D        E       F      G
               +--------+--------+--------+--------+--------+-----+--------+
         Total |   1574 |   1527 |     47 |      0 |   1184 |   4 |  393.5 |
       Dungeon |   1434 |   1387 |     47 |      0 |   1159 |   2 |  717.0 |
         Abyss |    140 |    140 |      0 |      0 |     25 |   2 |   70.0 |
               +--------+--------+--------+--------+--------+-----+--------+

Top non-repeatable levels by time:
     D:1: 1020 daAuts
     D:2: 414 daAuts
 Abyss:2: 106 daAuts
 Abyss:1: 34 daAuts
